TOP OF THE 1ST |
Houston Hammertime batting - Pitching for Las Vegas Stars : RHP Ramón Pérez
|
Pitching: RHP Ramón Pérez
|
|
Batting: RHB John Pick
|
0-0: Called Strike 0-1: Ball 1-1: Ball 2-1: Foul Ball, location: 2F 2-2: Ground out 4-3 (Groundball, 4S)
|
Batting: RHB Santo Cruz
|
0-0: Called Strike 0-1: Ball 1-1: Ball 2-1: Ball 3-1: Foul Ball, location: 2F 3-2: Fly out, F8 (Line Drive, 8RXD)
|
Batting: SHB Cristo Ontiveros
|
0-0: Ball 1-0: Foul Ball, location: 2F 1-1: Ball 2-1: Foul Ball, location: 2F 2-2: Foul Ball, location: 2F 2-2: Ball 3-2: Foul Ball, location: 2F 3-2: Foul Ball, location: 2F 3-2: SINGLE (Line Drive, 4D)
|
Batting: RHB Earl Wiggins
|
0-0: Foul Ball, location: 2F 0-1: Called Strike 0-2: Ball 1-2: Strikes out swinging
|
Top of the 1st over - 0 run(s), 1 hit(s), 0 error(s), 1 left on base; Houston 0 - Las Vegas 0 |
BOTTOM OF THE 1ST |
Las Vegas Stars batting - Pitching for Houston Hammertime : LHP Martín Reyes
|
Pitching: LHP Martín Reyes
|
|
Batting: LHB Eliot Helen
|
0-0: Ball 1-0: Foul Ball, location: 2F 1-1: Foul Ball, location: 2F 1-2: Strikes out swinging
|
Batting: LHB Paco Rivera
|
0-0: Ground out 4-3 (Groundball, 34)
|
Batting: LHB Fernando De La Cruz
|
0-0: Foul Ball, location: 2F 0-1: Ball 1-1: Ball 2-1: Fly out, F8 (Flyball, 8LXD)
|
Bottom of the 1st over - 0 run(s), 0 hit(s), 0 error(s), 0 left on base; Houston 0 - Las Vegas 0 |
TOP OF THE 2ND |
Houston Hammertime batting - Pitching for Las Vegas Stars : RHP Ramón Pérez
|
Batting: RHB Mario Beltrán
|
0-0: Ball 1-0: Ball 2-0: Foul Ball, location: 2F 2-1: Foul Ball, location: 2F 2-2: Strikes out swinging
|
Batting: RHB Moo-hyun Pak
|
0-0: Ball 1-0: Called Strike 1-1: Fly out, F5 (Popup, 15S)
|
Batting: RHB Robert Powell
|
0-0: Called Strike 0-1: Called Strike 0-2: Ball 1-2: Strikes out swinging
|
Top of the 2nd over - 0 run(s), 0 hit(s), 0 error(s), 0 left on base; Houston 0 - Las Vegas 0 |
BOTTOM OF THE 2ND |
Las Vegas Stars batting - Pitching for Houston Hammertime : LHP Martín Reyes
|
Batting: RHB Ryan Campbell
|
0-0: Ball 1-0: Ball 2-0: Called Strike 2-1: Ground out 6-3 (Groundball, 6M)
|
Batting: SHB Sloan James
|
0-0: Called Strike 0-1: Ball 1-1: Swinging Strike 1-2: Ground out 2-3 (Groundball, 2L)
|
Batting: RHB Xin Zhang
|
0-0: Called Strike 0-1: Foul Ball, location: 2F 0-2: Ball 1-2: Foul Ball, location: 2F 1-2: Foul Ball, location: 2F 1-2: SINGLE (Groundball, 56D)
|
Batting: LHB Evan Slootweg
|
0-0: Ball 1-0: Called Strike 1-1: Called Strike 1-2: Ball 2-2: Fly out, F9 (Flyball, 9M)
|
Bottom of the 2nd over - 0 run(s), 1 hit(s), 0 error(s), 1 left on base; Houston 0 - Las Vegas 0 |
TOP OF THE 3RD |
Houston Hammertime batting - Pitching for Las Vegas Stars : RHP Ramón Pérez
|
Batting: LHB Fernando Camacho
|
0-0: Ground out 4-3 (Groundball, 4)
|
Batting: LHB Jerry Ritchie
|
0-0: Ball 1-0: Called Strike 1-1: Called Strike 1-2: Ground out 1-3 (Groundball, 15S)
|
Batting: RHB John Pick
|
0-0: Foul Ball, location: 2F 0-1: Called Strike 0-2: Ball 1-2: Ball 2-2: Hit by Pitch
|
Batting: RHB Santo Cruz
|
0-0: Ball 1-0: Fly out, F9 (Line Drive, 9S)
|
Top of the 3rd over - 0 run(s), 0 hit(s), 0 error(s), 1 left on base; Houston 0 - Las Vegas 0 |
BOTTOM OF THE 3RD |
Las Vegas Stars batting - Pitching for Houston Hammertime : LHP Martín Reyes
|
Batting: RHB José Zúńiga
|
0-0: Ball 1-0: Swinging Strike 1-1: Ball 2-1: Ball 3-1: Base on Balls
|
Batting: RHB Ron Shelton
|
0-0: Ball 1-0: Ball 2-0: Ball 3-0: Foul Ball, location: 2F 3-1: Base on Balls José Zúńiga to second
|
Batting: LHB Eliot Helen
|
0-0: Ball 1-0: Ball 2-0: Ball 3-0: Base on Balls José Zúńiga to third Ron Shelton to second
|
Batting: LHB Paco Rivera
|
0-0: Foul Ball, location: 2F 0-1: Ball 1-1: Grounds into double play, 3-6-3 (Groundball, 3) José Zúńiga scores Ron Shelton to third
|
Batting: LHB Fernando De La Cruz
|
0-0: Called Strike 0-1: Ball 1-1: Called Strike 1-2: Foul Ball, location: 2F 1-2: Ball 2-2: Foul Ball, location: 2F 2-2: Ball 3-2: DOUBLE (Line Drive, 9LS) Ron Shelton scores
|
Batting: RHB Ryan Campbell
|
0-0: Ground out 6-3 (Groundball, 6M)
|
Bottom of the 3rd over - 2 run(s), 1 hit(s), 0 error(s), 1 left on base; Houston 0 - Las Vegas 2 |
TOP OF THE 4TH |
Houston Hammertime batting - Pitching for Las Vegas Stars : RHP Ramón Pérez
|
Batting: SHB Cristo Ontiveros
|
0-0: Called Strike 0-1: Called Strike 0-2: Ball 1-2: Foul Ball, location: 2F 1-2: Foul Ball, location: 2F 1-2: Ball 2-2: Strikes out swinging
|
Batting: RHB Earl Wiggins
|
0-0: Called Strike 0-1: Ball 1-1: Ball 2-1: Called Strike 2-2: Foul Ball, location: 2F 2-2: Ball 3-2: SINGLE (Line Drive, 4MD)
|
Batting: RHB Mario Beltrán
|
0-0: Ball 1-0: Called Strike 1-1: Swinging Strike 1-2: SINGLE (Line Drive, 56D) Earl Wiggins to second
|
Batting: RHB Moo-hyun Pak
|
0-0: Called Strike 0-1: Called Strike 0-2: Strikes out swinging
|
Batting: RHB Robert Powell
|
0-0: Foul Ball, location: 2F 0-1: Foul Ball, location: 2F 0-2: Ball 1-2: Strikes out swinging
|
Top of the 4th over - 0 run(s), 2 hit(s), 0 error(s), 2 left on base; Houston 0 - Las Vegas 2 |
BOTTOM OF THE 4TH |
Las Vegas Stars batting - Pitching for Houston Hammertime : LHP Martín Reyes
|
Batting: SHB Sloan James
|
0-0: Called Strike 0-1: Foul Ball, location: 2F 0-2: Strikes out swinging
|
Batting: RHB Xin Zhang
|
0-0: Called Strike 0-1: Ball 1-1: Called Strike 1-2: Ball 2-2: Ball 3-2: Fly out, F6 (Popup, 6)
|
Batting: LHB Evan Slootweg
|
0-0: Called Strike 0-1: Foul Ball, location: 2F 0-2: Foul Ball, location: 2F 0-2: Strikes out looking
|
Bottom of the 4th over - 0 run(s), 0 hit(s), 0 error(s), 0 left on base; Houston 0 - Las Vegas 2 |
TOP OF THE 5TH |
Houston Hammertime batting - Pitching for Las Vegas Stars : RHP Ramón Pérez
|
Batting: LHB Fernando Camacho
|
0-0: Fly out, F8 (Line Drive, 8RXD)
|
Batting: LHB Jerry Ritchie
|
0-0: Swinging Strike 0-1: Swinging Strike 0-2: Ball 1-2: Foul Ball, location: 2F 1-2: Foul Ball, location: 2F 1-2: Foul Ball, location: 2F 1-2: Ball 2-2: Foul Ball, location: 2F 2-2: Ball 3-2: Foul Ball, location: 2F 3-2: Strikes out swinging
|
Batting: RHB John Pick
|
0-0: Called Strike 0-1: Ball 1-1: SINGLE (Groundball, 6MD)
|
Batting: RHB Santo Cruz
|
0-0: Called Strike 0-1: Ball 1-1: Foul Ball, location: 2F 1-2: Ball John Pick steals 2nd base 2-2: Strikes out swinging
|
Top of the 5th over - 0 run(s), 1 hit(s), 0 error(s), 1 left on base; Houston 0 - Las Vegas 2 |
BOTTOM OF THE 5TH |
Las Vegas Stars batting - Pitching for Houston Hammertime : LHP Martín Reyes
|
Batting: RHB José Zúńiga
|
0-0: Ball 1-0: Ball 2-0: Called Strike 2-1: Ground out 4-3 (Groundball, 4M)
|
Batting: RHB Ron Shelton
|
0-0: Ball 1-0: Called Strike 1-1: Ball 2-1: Ground out 4-3 (Groundball, 4D)
|
Batting: LHB Eliot Helen
|
0-0: Called Strike 0-1: Foul Ball, location: 2F 0-2: Ball 1-2: Fly out, F8 (Flyball, 8LM)
|
Bottom of the 5th over - 0 run(s), 0 hit(s), 0 error(s), 0 left on base; Houston 0 - Las Vegas 2 |
TOP OF THE 6TH |
Houston Hammertime batting - Pitching for Las Vegas Stars : RHP Ramón Pérez
|
Batting: SHB Cristo Ontiveros
|
0-0: Called Strike 0-1: Foul Ball, location: 2F 0-2: Foul Ball, location: 2F 0-2: Ball 1-2: Foul Ball, location: 2F 1-2: Foul Ball, location: 2F 1-2: Ball 2-2: Ball 3-2: Ground out U3 (Groundball, 3S)
|
Pitching: RHP Sugimoto Kuhabara
|
|
Batting: RHB Earl Wiggins
|
0-0: Swinging Strike 0-1: Ball 1-1: Ball 2-1: SINGLE (Flyball, 4MD)
|
Batting: RHB Mario Beltrán
|
0-0: Called Strike 0-1: Ball 1-1: Ball 2-1: Called Strike 2-2: DOUBLE (Line Drive, 5D) Earl Wiggins to third Runner from 3rd tries for Home, SAFE, throw made home
|
Batting: RHB Moo-hyun Pak
|
0-0: Called Strike 0-1: Called Strike 0-2: Foul Ball, location: 2F 0-2: Strikes out swinging
|
Batting: RHB Robert Powell
|
0-0: Fly out, F8 (Flyball, 8RS)
|
Top of the 6th over - 1 run(s), 2 hit(s), 0 error(s), 1 left on base; Houston 1 - Las Vegas 2 |
BOTTOM OF THE 6TH |
Las Vegas Stars batting - Pitching for Houston Hammertime : LHP Martín Reyes
|
Batting: LHB Paco Rivera
|
0-0: Foul Ball, location: 2F 0-1: Ball 1-1: Called Strike 1-2: Foul Ball, location: 2F 1-2: Ball 2-2: Foul Ball, location: 2F 2-2: Fly out, F8 (Flyball, 8LXD)
|
Batting: LHB Fernando De La Cruz
|
0-0: Ball 1-0: Ball 2-0: Ball 3-0: Base on Balls
|
Batting: RHB Ryan Campbell
|
0-0: Called Strike 0-1: SINGLE (Groundball, 56D) Fernando De La Cruz to second
|
Batting: SHB Sloan James
|
0-0: Called Strike 0-1: Foul Ball, location: 2F 0-2: Strikes out swinging
|
Batting: RHB Xin Zhang
|
0-0: Ball 1-0: Ball 2-0: Fly out, F9 (Flyball, 9LM)
|
Bottom of the 6th over - 0 run(s), 1 hit(s), 0 error(s), 2 left on base; Houston 1 - Las Vegas 2 |
TOP OF THE 7TH |
Houston Hammertime batting - Pitching for Las Vegas Stars : RHP Sugimoto Kuhabara
|
Batting: LHB Fernando Camacho
|
0-0: Fly out, F4 (Popup, 4D)
|
Batting: LHB Jerry Ritchie
|
0-0: Ball 1-0: Ground out 6-3 (Groundball, 6M)
|
Batting: RHB John Pick
|
0-0: Ball 1-0: Swinging Strike 1-1: Ball 2-1: Ball 3-1: Swinging Strike 3-2: Ground out 6-3 (Groundball, 6)
|
Top of the 7th over - 0 run(s), 0 hit(s), 0 error(s), 0 left on base; Houston 1 - Las Vegas 2 |
BOTTOM OF THE 7TH |
Las Vegas Stars batting - Pitching for Houston Hammertime : LHP Martín Reyes
|
Pitching: LHP Dan Snyder
|
|
Batting: LHB Evan Slootweg
|
0-0: Foul Ball, location: 2F 0-1: Foul Ball, location: 2F 0-2: Ball 1-2: Foul Ball, location: 2F 1-2: Foul Ball, location: 2F 1-2: Foul Ball, location: 2F 1-2: Foul Ball, location: 2F 1-2: Foul Ball, location: 2F 1-2: Foul Ball, location: 2F 1-2: Ground out U3 (Groundball, 3)
|
Batting: RHB José Zúńiga
|
0-0: Ball 1-0: Called Strike 1-1: DOUBLE (Line Drive, 9M)
|
Batting: RHB Ron Shelton
|
0-0: Intentional Walk
|
Pinch Hitting: RHB Brian George
|
0-0: Called Strike 0-1: Ball 1-1: Foul Ball, location: 2F 1-2: Ball 2-2: SINGLE (Line Drive, 78M) José Zúńiga to third Ron Shelton to second Runner from 3rd tries for Home, throw and OUT!
|
Pinch Hitting: RHB Matthieu Vancini
|
0-0: Ball 1-0: Foul Ball, location: 2F 1-1: Called Strike 1-2: Strikes out swinging
|
Bottom of the 7th over - 0 run(s), 2 hit(s), 0 error(s), 2 left on base; Houston 1 - Las Vegas 2 |
TOP OF THE 8TH |
Houston Hammertime batting - Pitching for Las Vegas Stars : RHP Sugimoto Kuhabara
|
Now at 1B: Joe Scott
|
|
Now in CF: Matthieu Vancini
|
|
Batting: RHB Santo Cruz
|
0-0: Ball 1-0: Ball 2-0: Swinging Strike 2-1: Ball 3-1: Base on Balls
|
Batting: SHB Cristo Ontiveros
|
0-0: Ball 1-0: Fly out, F6 (Popup, 6D)
|
Pitching: RHP Wayne Barksdale
|
|
Batting: RHB Earl Wiggins
|
0-0: Called Strike 0-1: Called Strike 0-2: Strikes out swinging
|
Batting: RHB Mario Beltrán
|
0-0: Ball 1-0: Fly out, F9 (Flyball, 9M)
|
Top of the 8th over - 0 run(s), 0 hit(s), 0 error(s), 1 left on base; Houston 1 - Las Vegas 2 |
BOTTOM OF THE 8TH |
Las Vegas Stars batting - Pitching for Houston Hammertime : LHP Dan Snyder
|
Batting: LHB Fernando De La Cruz
|
0-0: Ball 1-0: Ball 2-0: Foul Ball, location: 2F 2-1: Ground out 4-3 (Groundball, 4)
|
Batting: RHB Ryan Campbell
|
0-0: Ball 1-0: Swinging Strike 1-1: Fly out, F9 (Flyball, 9S)
|
Batting: SHB Sloan James
|
0-0: Called Strike 0-1: Ball 1-1: Ball 2-1: Ball 3-1: SINGLE (Groundball, 6MD)
|
Batting: RHB Xin Zhang
|
0-0: Called Strike 0-1: SINGLE (Groundball, 56D) Sloan James to second
|
Pinch Hitting: RHB Bill McGrath
|
0-0: Ball 1-0: DOUBLE (Groundball, 3L) Sloan James scores Xin Zhang to third Runner from 3rd tries for Home, SAFE, no throw or cutoff
|
Batting: RHB José Zúńiga
|
0-0: Called Strike 0-1: SINGLE (Line Drive, 7S) Bill McGrath to third Runner from 3rd tries for Home, SAFE, no throw or cutoff
|
Batting: RHB Ron Shelton
|
0-0: SINGLE (Line Drive, 34) José Zúńiga to second
|
Batting: RHB Joe Scott
|
0-0: SINGLE (Flyball, 8RS) José Zúńiga to third Ron Shelton to second Runner from 3rd tries for Home, SAFE, no throw or cutoff
|
Pitching: RHP Bill Jones
|
|
Batting: RHB Matthieu Vancini
|
0-0: Foul Ball, location: 2F 0-1: Foul Ball, location: 2F 0-2: Ball 1-2: Ball 2-2: Strikes out looking
|
Bottom of the 8th over - 4 run(s), 6 hit(s), 0 error(s), 2 left on base; Houston 1 - Las Vegas 6 |
TOP OF THE 9TH |
Houston Hammertime batting - Pitching for Las Vegas Stars : RHP Wayne Barksdale
|
Now in LF: Bill McGrath
|
|
Batting: RHB Moo-hyun Pak
|
0-0: Called Strike 0-1: Ball 1-1: Swinging Strike 1-2: Ball 2-2: Foul Ball, location: 2F 2-2: Ball 3-2: Foul Ball, location: 2F 3-2: Reached on error, E4 (Groundball, 4M)
|
Batting: RHB Robert Powell
|
0-0: Ball 1-0: Ball 2-0: Swinging Strike 2-1: Called Strike 2-2: Foul Ball, location: 2F 2-2: Strikes out looking
|
Batting: LHB Fernando Camacho
|
0-0: Swinging Strike Passed Ball! Moo-hyun Pak to third 0-1: Swinging Strike 0-2: Foul Ball, location: 2F 0-2: Ball 1-2: Strikes out swinging
|
Batting: LHB Jerry Ritchie
|
0-0: Swinging Strike 0-1: Fly out, F5 (Popup, 5F)
|
Top of the 9th over - 0 run(s), 0 hit(s), 1 error(s), 1 left on base; Houston 1 - Las Vegas 6 |
|